 Dungeon Crawl Stone Soup version 0.17.1-2-g5865329 (webtiles) character file.

65 PossumBlood the Conjurer (level 3, -2/19 HPs)
             Began as a Deep Elf Conjurer on Jan 23, 2016.
             Slain by a rat (3 damage)
             ... on level 2 of the Dungeon.
             The game lasted 00:04:33 (1383 turns).

PossumBlood the Conjurer (Deep Elf Conjurer)        Turns: 1383, Time: 00:04:33

Health: -2/19      AC:  2    Str:  5    XL:     3   Next: 92%
Magic:  0/9        EV: 13    Int: 20    God:
Gold:   39         SH:  0    Dex: 15    Spells: 1 memorised, 7 levels left

rFire  . . .     SeeInvis .     q - +0 dagger
rCold  . . .     Clarity  .     a - +0 robe
rNeg   . . .     SustAt   .     (no shield)
rPois  .         Gourm    .     (no helmet)
rElec  .         Spirit   .     (no cloak)
rCorr  .         Warding  .     (no gloves)
rMut   .         Stasis   .     (no boots)
MR     .....                    (no amulet)
Stlth  ++........               (no ring)
                                h - +5 ring of slaying

@: not resistant to hostile enchantments, unstealthy
A: no striking features
a: no special abilities


You were on level 2 of the Dungeon.
You were not hungry.

You visited 1 branch of the dungeon, and saw 3 of its levels.

You collected 39 gold pieces.

Inventory:

Hand Weapons
 q - a +0 dagger (weapon)
Armour
 a - a +0 robe (worn)
Jewellery
 h - a +5 ring of slaying (left hand)
Scrolls
 e - 4 scrolls of identify {unknown}
 i - a scroll of magic mapping {unknown}
 j - a scroll of recharging {unknown}
 n - a scroll of random uselessness {unknown}
 p - 4 scrolls of remove curse
Potions
 d - a potion of flight {unknown}
 f - a potion of haste {unknown}
 g - 2 potions of agility {unknown}
 k - 2 potions of might {unknown}
 l - a potion of lignification {unknown}
Books
 b - a book of Conjurations

   Spells                             Type                      Level
   a - Magic Dart                     Conjuration                  1
   b - Searing Ray                    Conjuration                  2
   c - Dazzling Spray                 Conjuration/Hexes            3
   d - Fulminant Prism                Conjuration/Hexes            4
   e - Iskenderun's Mystic Blast      Conjuration                  4
   f - Iskenderun's Battlesphere      Conjuration/Charms           5
Comestibles
 c - a bread ration
 m - 3 fruits


   Skills:
 - Level 2.4 Dodging
 - Level 2.4 Stealth
 - Level 3.0 Spellcasting
 * Level 6.1 Conjurations


You had 7 spell levels left.
You knew the following spells:

 Your Spells              Type           Power        Failure   Level  Hunger
a - Magic Dart            Conj           ####         1%          1    None


Dungeon Overview and Level Annotations

Branches:
Dungeon (3/15)

Altars:

Annotations:
D:3 Robin


Message History

You hit the gnoll.
The gnoll is almost dead.
The rat bites you. The gnoll hits you.
* * * LOW HITPOINT WARNING * * *
The orc barely misses you.
You closely miss the gnoll.
The gnoll is almost dead.
The rat misses you. The gnoll misses you. The orc closely misses you.
You barely miss the gnoll.
The gnoll is almost dead.
The rat barely misses you. The gnoll completely misses you.
The orc hits you with a whip.
* * * LOW HITPOINT WARNING * * *
You barely miss the gnoll.
The gnoll is almost dead.
The rat barely misses you. The gnoll closely misses you.
You closely miss the gnoll.
The gnoll is almost dead.
The orc misses you. The rat bites you.
You die...

# ##........#.####.......# #..# #
#...................).## ##.#
####......................# #.#
..........................####.#
####.[......###..............#.#
# ##.......# #...........##...# #
#.....#.###<...............# #
##..........o...........#...## #
#..#.........@...............#
####...#.......gr..........<>....
##.................##............
.................#.##............
...##..#.........#.###..........#
...#####.........#........##...##
...# ##........#####....####.##
...# #...........####...###....
...# #..................##..###


You could see a gnoll, an orc and a rat.

Vanquished Creatures
  An adder (D:2)
  2 gnolls (D:3)
  A giant gecko (D:2)
  An orc (D:3)
  10 hobgoblins
  A kobold (D:1)
  6 bats
  A giant cockroach (D:2)
  4 giant newts
  6 goblins
  4 rats
37 creatures vanquished.

Notes
Turn   | Place    | Note
--------------------------------------------------------------
     0 | D:1      | PossumBlood the Deep Elf Conjurer began the quest for the Orb.
     0 | D:1      | Reached XP level 1. HP: 10/10 MP: 6/6
   119 | D:1      | Reached XP level 2. HP: 15/15 MP: 2/8
   264 | D:1      | Reached skill level 5 in Conjurations
   915 | D:2      | Reached XP level 3. HP: 19/19 MP: 3/9
  1271 | D:3      | Noticed Robin
  1374 | D:3      | Reached skill level 6 in Conjurations
  1383 | D:2      | Slain by a rat

Action                   || total
-------------------------++-------
Melee: Unarmed           ||     2
       Dagger            ||     5
 Cast: Magic Dart        ||    63
  Use: Scroll            ||     1
  Eat: Fruit             ||     1
